cohdb
Replays
Latest Replays
All Replays
Popular Replays
Top Player Replays
Match Explorer
How It Works
Community
CoH3 Stats
Reddit
Sign in to upload your games and track your stats! →
Sign in with Steam
Match 45745676
Unlisted
Match 45745676
Overview
Messages
Build Orders
End
Panzerpioneer Squad
Selects Italian Infantry
250 Light Carrier
Panzerpioneer Squad
Construct Light Support Kompanie
2.5-tonne Medical Truck
Selects Defensive Operations
Fire Support Elements
Pak 38 Mechanized Group
Selects Guastatori Squad
Selects L6/40 Light Tank Combat Group
L6/40 Light Tank Combat Group
Construct Mechanized Kompanie
Marder III Tank Destroyer
Marder III Tank Destroyer
Selects Prepared Positions
Marder III Tank Destroyer
Guastatori Squad
Construct Panzerarmee Kommand
Selects Propaganda War
Tungsten Core Ammunition
Selects Towed Cannone da 105/28 Field Howitzer
Walking Stuka Rocket Launcher
Propaganda War
Forward Retreat Point
Propaganda War
Armored Reserves
Propaganda War
Tiger Heavy Tank
Propaganda War
Propaganda War
Marder III Tank Destroyer
Father Malphas
Yeetmeaister
Chrchel_CZ
Pezartos
NuTtYjAwA
KanekCASE.GIFT
243437346
Oncle-Hô
0
0
Comments
sign in to comment!
No comments posted yet!